 Dungeon Crawl Stone Soup version 0.26.0-10-g1f06aea511 (webtiles) character file.

Game seed: 11705169439192559597

49 Borgoz the Slasher (level 3, -1/30 HPs)
             Began as a Ghoul Gladiator on Jan 18, 2021.
             Slain by a goblin
             ... wielding a cursed -1 dagger
              (3 damage)
             ... on level 2 of the Dungeon.
             The game lasted 00:01:20 (1152 turns).

Borgoz the Slasher (Ghoul Gladiator)                Turns: 1152, Time: 00:01:21

Health: -1/30      AC:  4    Str: 17    XL:     3   Next: 77%
Magic:  2/2        EV: 12    Int:  3    God:
Gold:   26         SH:  0    Dex: 11    Spells: 2/2 levels left

rFire    . . .     SeeInvis .   a - +0 long sword
rCold    + . .     Faith    .   (no shield)
rNeg     + + +     Spirit   .   b - +0 leather armour
rPois    ∞         Reflect  .   c - +0 helmet
rElec    .         Harm     .   (no cloak)
rCorr    .         Rampage  .   (no gloves)
Will     .....                  (no boots)
Stlth    +.........             (no amulet)
HPRegen  0.00/turn              (no ring)
MPRegen  0.08/turn              (no ring)

@: no status effects
A: claws 1, cold resistance 1, negative energy resistance 3, inhibited
regeneration, torment resistance, unbreathing
a: no special abilities


You were on level 2 of the Dungeon.
You visited 1 branch of the dungeon, and saw 2 of its levels.

You collected 26 gold pieces.

Inventory:

Hand Weapons
 a - a +0 long sword (weapon)
Missiles
 d - 3 throwing nets (quivered)
Armour
 b - a +0 leather armour (worn)
 c - a +0 helmet (worn)
Potions
 e - a potion of heal wounds
 f - 2 potions of mutation {unknown}
 g - a potion of curing


   Skills:
 + Level 2.6 Fighting
 * Level 3.2 Long Blades
 - Level 1.7 Throwing
 * Level 1.2 Armour
 * Level 3.1 Dodging


You had 2 spell levels left.
You didn't know any spells.
Your spell library was empty.

Dungeon Overview and Level Annotations

Branches:
Dungeon (2/15)

Altars:

Annotations:
D:2 Sigmund


Innate Abilities, Weirdness & Mutations

You thrive by killing the living.
You are immune to poison.
You have sharp fingernails.
Your flesh is cold resistant. (rC+)
You are immune to negative energy. (rN+++)
You do not regenerate when monsters are visible.
You are immune to unholy pain and torment.
You can survive without breathing.


Message History

Your surroundings suddenly seem different.
A giant cockroach comes into view.
Found 18 gold pieces.
Sigmund the Dreaded comes into view.
He is wielding a +0 scythe and wearing a +1 robe of willpower.
Sigmund shouts!
The giant cockroach closely misses you.
You barely miss the giant cockroach. The giant cockroach barely misses you.
Sigmund points at you and mumbles some strange words.
You resist with significant effort. The giant cockroach closely misses you.
The goblin shouts!
The giant cockroach misses you.
You riposte.
You hit the giant cockroach but do no damage.
Sigmund gestures at himself while chanting.
Sigmund flickers and vanishes!
Deactivating autopickup; reactivate with Ctrl-A.
The goblin hits you but does no damage. The dart slug barely misses you.
You riposte.
You slash the dart slug!
The dart slug is severely wounded.
The goblin hits you with a cursed -1 dagger.
You die...

##.@##..$......# #
#.............##
#.##..####.........#
######... #.........#
.......# #.........#
.....#.# ##.........#
....##.# ##..B.......#
....##.##
##..w.......##
....##.)# #...g@.....##
.....(.†####....>.....#
....##................#
....####...#..........#
....# ###......g.....#
##### ###(....?...##
##........# #.(........
#(gg......


You could see a dart slug, a giant cockroach and 2 goblins.

Vanquished Creatures
  3 dart slugs (D:1)
  A giant cockroach (D:1)
  5 goblins
  7 hobgoblins (D:1)
  4 jackals (D:1)
  A quokka (D:2)
  3 bats (D:1)
  2 frilled lizards (D:1)
  10 kobolds
  A rat (D:1)
37 creatures vanquished.

Vanquished Creatures (others)
  7 fungi (D:2)
  2 toadstools (D:2)
9 creatures vanquished.

Grand Total: 46 creatures vanquished

Notes
Turn   | Place    | Note
-------+----------+-------------------------------------------
     0 | D:1      | Borgoz the Ghoul Gladiator began the quest for the Orb.
     0 | D:1      | Reached XP level 1. HP: 17/17 MP: 0/0
    65 | D:1      | Reached XP level 2. HP: 23/24 MP: 1/1
   362 | D:1      | Reached XP level 3. HP: 15/30 MP: 2/2
   653 | D:1      | Reached skill level 1 in Armour
  1135 | D:2      | HP: 1/30 [jackal (2)]
  1143 | D:2      | Noticed Sigmund
  1152 | D:2      | Slain by a goblin

Illustrated notes

Levels and vault maps discovered:
D:1:      ebering_hopf_link, layout_loops_cross, grunt_decor_fettered
D:2:      layout_rooms, minmay_gold_behind_fungi, uniq_jessica, uniq_sigmund,
          uniq_robin

Skill      XL: |  1  2  3 |
---------------+----------+-----
Dodging        | 3 |  3.1
Long Blades    | 3 |  3.2
Armour         | 1 |  1.2
Fighting       | |  2.6
Throwing       | |  1.7

Action                   || total
-------------------------++-------
Melee: Long sword        ||   128
  Use: Scroll            ||     3
Armor: Leather armour    ||    51
Dodge: Dodged            ||   114
       Rpst.: Long sword ||    32
